 Dungeon Crawl Stone Soup version 0.31-a0-870-g10ed682358 (webtiles) character file.

Game seed: 13810005323877550624

2922314 EuServersOMG the Grand Master (level 27, 216/216 HPs)
             Began as an Octopode Venom Mage on Oct 12, 2023.
             Was the Champion of Jiyva.
             Escaped with the Orb
             ... and 4 runes!
             The game lasted 04:56:34 (50768 turns).

EuServersOMG the Grand Master (OpVM)               Turns: 50768, Time: 04:56:34

Health: 216/216    AC: 12    Str: 23    XL:     27
Magic:  33/33      EV: 31    Int: 37    God:    Jiyva [******]
Gold:   8615       SH: 26    Dex: 20    Spells: 10/40 levels left

rFire   + +          .
                       - Unarmed
rCold   + + .        j - +5 kite shield {AC+3}
rNeg    + + .        A - +2 hat {SInv}
rPois   +            M - amulet of Wesel {Reflect Rampage *Corrode rF++ Regen+ SH+5}
rElec   .            m - +6 ring of strength
rCorr   +            L - ring of Uriur {rPois rCorr}
SInv    +            s - ring of Yfe Miev {rN+ AC+4 Dex+2}
Will    ++++.        b - ring of Ewkierut {Will+ Int+6 Stlth+}
Stlth   ++           Q - ring of Altruism {rN+ Slay+5}
HPRegen 5.36/turn    X - +6 ring of strength
MPRegen 0.73/turn    r - +4 ring of slaying
                     Z - ring "Soceb" {Int+6 Dex+3 SInv}

%: corrode self (3%), reflection, rampage
@: no status effects
A: almost no armour, amphibious, 8 rings, camouflage 1, gelatinous body 1,
(nimble swimmer 1), tentacles, cold resistance 2, strong-willed 1, regeneration
3, shaggy fur 2, eyeballs 1, jelly absorbing missiles, inability to drink after
injury 1, MP-powered wands
0: Orb of Zot
}: 4/15 runes: decaying, serpentine, silver, abyssal
a: Renounce Religion, Oozemancy, Slimify


You escaped.
You worshipped Jiyva.
Jiyva was exalted by your worship.
You visited 11 branches of the dungeon, and saw 51 of its levels.
You visited the Abyss 1 time.
You also visited: Ossuary, Bailey, Gauntlet, Ice Cave, Volcano and Wizlab.

You collected 9039 gold pieces.
You spent 424 gold pieces at shops.

Inventory:

Missiles
 g - 3 throwing nets
Armour
 j - a +5 kite shield of protection (worn)
 A - a +2 hat of see invisible (worn)
Jewellery
 b - the ring of Ewkierut (on tentacle) {Will+ Int+6 Stlth+}
   (You acquired it on level 1 of the Realm of Zot)

   [ring of intelligence]

   Int+6:     It affects your intelligence (+6).
   Will+:     It increases your willpower.
   Stlth+:    It makes you more stealthy.
 m - a +6 ring of strength (left tentacle)
 q - the amulet "Pipra" {rC+ Will+ Regen+ Str+2}
   (You took it off a deep elf sorcerer on level 5 of the Vaults)

   [amulet of regeneration]

   Str+2:     It affects your strength (+2).
   rC+:       It protects you from cold.
   Will+:     It increases your willpower.
   Regen+:    It increases your rate of health regeneration.
 r - a +4 ring of slaying (on tentacle)
 s - the ring of Yfe Miev (on tentacle) {rN+ AC+4 Dex+2}
   (You found it on level 1 of the Realm of Zot)

   [ring of protection]

   AC+4:      It affects your AC (+4).
   Dex+2:     It affects your dexterity (+2).
   rN+:       It protects you from negative energy.
 x - an amulet of magic regeneration
 H - a ring of flight
 L - the ring of Uriur (right tentacle) {rPois rCorr}
   (You found it on level 1 of the Depths)

   [ring of resist corrosion]

   rPois:     It protects you from poison rCorr: It protects you from acid and
   corrosion.
 M - the amulet of Wesel (around mantle) {Reflect Rampage *Corrode rF++ Regen+ SH+5}
   (You acquired it on level 1 of the Realm of Zot)

   [amulet of reflection]

   Reflect:   It reflects blocked missile attacks.
   rF++:      It greatly protects you from fire.
   Regen+:    It increases your rate of health regeneration.
   *Corrode:  It may corrode you when you take damage.
   SH+5:      It affects your SH (+5).
   Rampage:   It bestows one free step when moving towards enemies.
 Q - the ring of Altruism (on tentacle) {rN+ Slay+5}
   (You found it in a Gauntlet)

   [ring of positive energy]

   Slay+5:    It affects your accuracy & damage with ranged weapons and melee
   (+5).
   rN+:       It protects you from negative energy.
 X - a +6 ring of strength (on tentacle)
 Z - the ring "Soceb" (on tentacle) {Int+6 Dex+3 SInv}
   (You found it on level 1 of the Orcish Mines)

   [ring of intelligence]

   Int+6:     It affects your intelligence (+6).
   Dex+3:     It affects your dexterity (+3).
   SInv:      It lets you see invisible.
Talismans
 F - a talisman of death
Wands
 z - a wand of acid (54)
 E - a wand of digging (14)
 J - a wand of iceblast (30)
 S - a wand of mindburst (28)
Scrolls
 c - 8 scrolls of teleportation
 d - 5 scrolls of enchant armour
 i - 6 scrolls of fear
 k - 3 scrolls of blinking
 u - 10 scrolls of immolation
 w - 3 scrolls of vulnerability
 D - 3 scrolls of butterflies
 I - 5 scrolls of fog
 K - a scroll of silence
 O - 3 scrolls of torment
 V - 9 scrolls of amnesia
 W - 6 scrolls of poison
Potions
 a - 6 potions of magic
 e - 13 potions of curing
 f - 9 potions of heal wounds
 h - 11 potions of mutation
 l - 7 potions of brilliance
 n - 4 potions of might
 o - 3 potions of invisibility
 p - 12 potions of attraction
 t - 5 potions of cancellation
 v - 11 potions of enlightenment
 C - 2 potions of resistance
 G - 8 potions of haste
 T - 5 potions of berserk rage
 Y - 3 potions of ambrosia
Miscellaneous
 U - a sack of spiders


   Skills:
 + Level 24.5 Fighting
 - Level 24.8 Dodging
 - Level 2.6 Stealth
 + Level 20.3 Shields
 O Level 27 Unarmed Combat
 - Level 7.0 Spellcasting
 - Level 8.0 Conjurations
 - Level 5.0 Translocations
 - Level 4.0 Transmutations
 - Level 8.0 Fire Magic
 - Level 4.0 Air Magic
 - Level 10.0 Poison Magic


You had 10 spell levels left.
You knew the following spells:

 Your Spells              Type           Power      Damage    Failure   Level
a - Sting                 Tmut/Pois      100%       1d8       1%          1
b - Poisonous Vapours     Pois/Air       100%       N/A       1%          2
c - Olgreb's Toxic Radia  Pois           72%        N/A       1%          4
d - Mephitic Cloud        Conj/Pois/Air  61%        N/A       1%          3
e - Ignite Poison         Fire/Tmut/Pois 61%        N/A       1%          3
f - Sticky Flame          Conj/Fire      64%        2d8       1%          4
g - Swiftness             Air            42%        N/A       1%          3
h - Apportation           Tloc           98%        N/A       1%          1
i - Iskenderun's Mystic   Conj/Tloc      57%        2d12      2%          4
j - Fireball              Conj/Fire      32%        3d14      3%          5

Your spell library contained the following spells:

 Spells                   Type           Power      Damage    Failure   Level
 Kiss of Death            Conj/Necr      100%       2d13      1%          1
 Cigotuvi's Dreadful Rot  Necr/Pois/Air  94%        N/A       1%          2
 Scorch                   Fire           100%       2d9       1%          2
 Wereblood                Tmut           42%        N/A       1%          2
 Dazzling Flash           Conj/Hex       84%        N/A       1%          3
 Gell's Gravitas          Tloc           49%        N/A       1%          3
 Hailstorm                Conj/Ice       42%        3d10      1%          3
 Stone Arrow              Conj/Erth      84%        3d12      1%          3
 Teleport Other           Tloc           49%        N/A       1%          3
 Flame Wave               Conj/Fire      64%        2d15      1%          4
 Passwall                 Tmut/Erth      22%        N/A       2%          2
 Freeze                   Ice            48%        1d6       3%          1
 Necrotise                Necr           48%        1d6       3%          1
 Sandblast                Erth           24%        2d8       3%          1
 Summon Small Mammal      Summ           48%        N/A       3%          1
 Iskenderun's Battlesphe  Conj           64%        2d11      3%          5
 Ensorcelled Hibernation  Hex/Ice        24%        N/A       5%          2
 Sublimation of Blood     Necr           12%        N/A       5%          2
 Vhi's Electric Charge    Tloc/Air       92%        N/A       5%          4
 Alistair's Intoxication  Tmut/Pois      39%        N/A       5%          5
 Brom's Barrelling Bould  Conj/Erth      42%        2d6       7%          4
 Arcjolt                  Conj/Air       27%        1d37      9%          5
 Irradiate                Conj/Tmut      27%        3d20      9%          5
 Confusing Touch          Hex            12%        N/A       11%         3
 Frozen Ramparts          Ice            24%        1d4       11%         3
 Ozocubu's Armour         Ice            12%        N/A       11%         3
 Summon Guardian Golem    Hex/Summ       12%        N/A       11%         3
 Tukima's Dance           Hex            12%        N/A       11%         3
 Dimensional Bullseye     Hex/Tloc       15%        N/A       13%         4
 Petrify                  Tmut/Erth      27%        N/A       16%         4
 Summon Lightning Spire   Summ/Air       27%        N/A       16%         4
 Freezing Cloud           Conj/Ice/Air   21%        6-21      19%         5
 Eringya's Noxious Bog    Tmut/Pois      29%        4d6       30%         6
 Anguish                  Hex/Necr       6%         N/A       34%         4
 Animate Dead             Necr           12%        N/A       34%         4
 Cause Fear               Hex            6%         N/A       34%         4
 Dispel Undead            Necr           12%        3d9       34%         4
 Leda's Liquefaction      Hex/Erth       6%         N/A       34%         4
 Summon Ice Beast         Ice/Summ       12%        N/A       34%         4
 Summon Forest            Summ/Tloc      15%        N/A       34%         5
 Silence                  Hex/Air        13%        N/A       41%         5
 Dispersal                Tloc           24%        N/A       56%         6
 Agony                    Necr           12%        N/A       69%         5
 Borgnjor's Vile Clutch   Necr/Erth      6%         N/A       69%         5
 Lee's Rapid Deconstruct  Erth           6%         3d6*      69%         5
 Bombard                  Conj/Erth      21%        9d4       71%         6
 Orb of Destruction       Conj           32%        9d10      75%         7
 Death Channel            Necr           6%         N/A       99%         6
 Simulacrum               Ice/Necr       6%         N/A       99%         6
 Summon Cactus Giant      Summ           6%         N/A       99%         6
 Spellforged Servitor     Conj/Summ      21%        N/A       99%         7
 Enfeeble                 Hex            6%         N/A       100%        7
 Malign Gateway           Summ/Tloc      15%        N/A       100%        7
 Ozocubu's Refrigeration  Ice            6%         4d8       100%        7
 Summon Hydra             Summ           6%         N/A       100%        7
 Discord                  Hex            6%         N/A       100%        8
 Ignition                 Fire           32%        3d10      100%        8
 Lehudib's Crystal Spear  Conj/Erth      21%        10d6      100%        8
 Maxwell's Capacitive Co  Air            21%        ∞         100%        8
 Summon Horrible Things   Summ           6%         N/A       100%        8
 Dragon's Call            Summ           6%         N/A       100%        9
 Animate Armour           Summ/Erth      Unusable   N/A       N/A         4

Dungeon Overview and Level Annotations

Branches:
Dungeon (15/15)            Temple (1/1) D:7            Lair (5/5) D:10
  Swamp (4/4) Lair:2        Snake (4/4) Lair:2        Slime (0/5) Lair:5
    Orc (2/2) D:11            Elf (3/3) Orc:2        Vaults (5/5) D:14
  Crypt (3/3) Vaults:2       Tomb (0/3) Crypt:3      Depths (4/4) D:15
    Zot (5/5) Depths:4    Ossuary (visited)          Bailey (visited)
  IceCv (visited)         Volcano (visited)          WizLab (visited)
Gauntlet (visited)

Altars:
Ashenzari
Cheibriados
Dithmenos
Elyvilon
Fedhas
Gozag
Hepliaklqana
Kikubaaqudgha
Makhleb
Nemelex Xobeh
Okawaru
Qazlal
Ru
Sif Muna
Trog
Uskayaw
Vehumet
Wu Jian
Xom
Yredelemnul
Zin
The Shining One
Jiyva

Shops:
D:3 (   D:6 ?   D:8 *   Orc:2 !*((   Elf:2 :   Snake:3 (   Vaults:1 !:
Vaults:5 (   Depths:2 =:   Depths:3 ![*

Portals:
Hell: Depths:1 Depths:2 Depths:3 Depths:4
Abyss: Depths:1 Depths:2 Depths:3
Pandemonium: Depths:2
Ziggurat: Depths:3
Trove: Elf:1 (give horn of Geryon)

Annotations:
D:4 1 runed translucent door, Descartes's ghost, novice TrBr; Sigmund
D:7 Maggie
Vaults:1 1 runed translucent door, asdu's ghost, adept NaEE


Innate Abilities, Weirdness & Mutations

You cannot wear most types of armour.
You are amphibious.
You can wear up to eight rings at the same time.
Your skin changes colour to match your surroundings (Stealth+).
Your rubbery body absorbs attacks. (AC +1, EV +1)
((You are camouflaged when in or above water. (Stealth+)))
You have tentacles for arms and can constrict up to eight enemies at once.
Your flesh is very cold resistant. (rC++)
You are strong-willed. (Will+)
You regenerate.
You are covered in thick fur. (AC +2)
Your body has grown eyes which may confuse attackers. (Acc +3)
You have a small jelly attached to you that may absorb projectiles.
You occasionally lose the ability to drink potions when taking damage.
You expend magic power (3 MP) to strengthen your wands.


Message History

Your extra speed is starting to run out.
There is a stone staircase leading up here.
You climb upwards.
Level annotation: 1 runed translucent door, Descartes's ghost, novice TrBr; Sigmund
There is a stone staircase leading down here.
You feel yourself slow down.
There is a stone staircase leading up here.
You climb upwards.
There is a stone staircase leading down here.
An Orb Guardian comes into view.
You can't go up here!
You block the Orb Guardian's attack.
You barely miss the Orb Guardian. You block the Orb Guardian's attack.
You batter the Orb Guardian!!
The Orb Guardian is heavily wounded.
You tentacle-slap the Orb Guardian. You tentacle-slap the Orb Guardian!!
You squeeze the Orb Guardian, but do no damage.
The Orb Guardian is severely wounded.
The Orb Guardian closely misses you.
You batter the Orb Guardian!!
You kill the Orb Guardian!
You swap places.
There is an escape hatch in the ceiling here.
A mysterious force pulls you upwards. The hatch slams shut behind you.
A Mitoamn, an ancient lich, a red devil and a chaos spawn come into view.
The red devil is wielding a +1 demon trident of electrocution.
You can't go up here!
Press: ? - help, v - describe, . - travel
Here: Mitoamn The floor.
Unknown command.
The chaos spawn bellows!
Mitoamn moves out of view.
The ancient lich moves out of view.
The red devil moves out of view.
The ancient lich shouts!
There is a stone staircase leading up here.
You climb upwards.
There is a stone staircase leading down here.
There is a staircase leading out of the dungeon here.
You have escaped!

+#....#......#.#.#.......##.##.#
....####.....#.#.........##.##.#
....# #.....#.###.#.#...##.##.#
....## #........#....#...##.##.#
.....# ##.....#.#....#...##.##.#
...#.## #.....#.#....#...##.##.#
...#..###................##+##.##
...##....########.##.............
.#.##....# #.@..#####.........
##.##....# #....#.............
.....##### ##'#'##.............
.....# #######.J#................
.....###...##..##...#.###........
.....#..†......##...#.# #.....(..
.....#..†.....###...#.# #........
#######.....### #.....# #.....>..
####### #....## #........


You could see a neutral endoplasm (wandering) (fellow slime).

Vanquished Creatures
  2 dread liches (Zot:5)
  6 ancient liches
  3 orbs of fire
  The ghost of kuniqs the Corrupter of Planes, a master DsGl of Lugonu (Zot:1)
  A Killer Klown (Zot:5)
  4 curse toes
  4 caustic shrikes (Depths:4)
  6 golden dragons
  Norris (Elf:1)
  2 electric golems (Zot:5)
  The ghost of EuServersOMG the Necromancer, an adept DsNe of Cheibriados (Vaults:3)
  3 bone dragons
  7 liches
  A Hell Sentinel (Abyss:5)
  19 tentacled monstrosities
  Mlioglotl (Snake:4)
  6 titans
  25 Orb Guardians
  4 quicksilver dragons
  A shard shrike skeleton (Crypt:3)
  9 death cobs
  6 deep elf blademasters
  2 deep elf master archers (Elf:3)
  A thorn hunter (Swamp:1)
  Agnes (D:14)
  7 sphinxes
  7 ancient champions
  3 tentacled starspawn (Abyss:5)
  Aizul (Depths:2)
  6 shadow dragons
  8 tengu reavers
  Gastronok (D:8)
  4 draconian monks
  5 revenants
  14 storm dragons
  6 draconian knights
  3 fenstrider witches (Swamp:4)
  6 nagarajas
  8 frost giants
  7 draconian scorchers
  6 fire giants
  11 deep elf sorcerers
  5 deep elf elementalists (Elf:3)
  8 ghouls
  Louise (Depths:2)
  5 curse skulls
  2 draconian shifters
  18 ironbound preservers
  3 draconian annihilators (Zot:1)
  3 draconian stormcallers (Zot:4)
  17 vault wardens
  A shard shrike simulacrum (Crypt:3)
  A ghost moth (Zot:5)
  7 orc warlords
  7 stone giants
  2 caustic shrike skeletons (Crypt:2)
  3 reapers
  8 war gargoyles
  11 green draconians
  20 very ugly things
  18 vampire knights
  A juggernaut skeleton (Crypt:2)
  7 black draconians
  11 ironbound thunderhulks
  7 deep elf annihilators
  3 eleionomae
  7 dire elephants
  10 white draconians
  4 deep elf demonologists
  12 yellow draconians
  10 red draconians
  3 bunyips
  A minotaur (Gauntlet)
  14 spark wasps
  5 purple draconians (Zot:4)
  4 eidola
  An orange crystal statue (WizLab)
  3 crystal guardians
  Josephine (D:12)
  A green death (Snake:3)
  13 deep elf death magi
  5 entropy weavers
  22 jiangshi
  A blizzard demon (Swamp:4)
  2 deep elf high priests
  3 mummy priests (Crypt:3)
  13 ettins
  8 yaktaur captains
  8 fire dragons
  5 ice dragons
  Fannar (Lair:1)
  A shambling mangrove (Swamp:2)
  34 vault guards
  3 ogre magi
  A rakshasa (Depths:2)
  14 hydras
  A quicksilver dragon skeleton (Crypt:2)
  A spriggan air mage (Depths:2)
  3 salamander tyrants (Snake:4)
  An Orb Guardian zombie (Crypt:3)
  5 peacekeepers
  A catoblepas (Lair:5)
  3 alligator snapping turtles (Snake:3)
  8 ironbound frosthearts
  A fenstrider witch skeleton (Crypt:1)
  A ghost crab (Swamp:1)
  12 two-headed ogres
  12 anacondas
  17 centaur warriors
  5 boulder beetles
  4 tengu warriors
  4 death knights
  8 alligators
  3 spriggan skeletons
  3 deep troll shamans
  9 death yaks
  21 naga warriors
  An azure jelly zombie (Crypt:2)
  A sphinx skeleton (Crypt:2)
  7 orc high priests
  4 spriggan berserkers
  2 thrashing horrors (Abyss:5)
  Urug (D:11)
  36 dancing weapons
  8 shock serpents
  18 vampire magi
  12 deep troll earth magi
  A hell hog (Gauntlet)
  9 naga sharpshooters
  22 deep elf knights
  A sun demon (Zot:3)
  A glowing orange brain (Vaults:1)
  3 skysharks (Elf:1)
  Sonja (D:11)
  12 hell knights
  2 quicksilver ooze zombies
  2 soul eaters
  A storm dragon zombie (Depths:4)
  3 wretched stars (Abyss:5)
  8 iron trolls
  4 shadow wraiths
  A golden dragon zombie (Depths:3)
  2 sixfirhies (Swamp:4)
  38 skeletal warriors
  7 spriggan druids
  8 goliath frogs
  A shadow demon (Zot:3)
  2 sea snakes (Snake:3)
  64 deep trolls
  8 bog bodies
  11 naga ritualists
  23 phantasmal warriors
  10 orc knights
  A lindwurm (shapeshifter) (Vaults:2)
  2 death drakes (Swamp:4)
  5 swamp dragons
  6 flayed ghosts
  7 deep elf archers
  2 anaconda skeletons (Crypt:2)
  13 wizards
  Pikel (D:8)
  12 lindwurms
  5 harpies (Vaults:1)
  A golden dragon skeleton (Depths:3)
  13 necromancers
  26 deep elf zephyrmancers
  6 starcursed masses (Abyss:5)
  An iron dragon zombie (Crypt:3)
  20 ironbound convokers
  10 mana vipers
  30 ugly things
  A wolf spider (Depths:3)
  9 will-o-the-wisps
  8 orc sorcerers
  An oklob plant (Lair:4)
  37 deep elf pyromancers
  6 salamanders
  A shadow dragon skeleton (Crypt:3)
  16 moths of wrath
  12 cyclopes
  3 manticores
  A stone giant skeleton (Crypt:2)
  Joseph (D:7)
  5 iron dragon skeletons
  23 vault sentinels
  35 black mambas
  A titan simulacrum (Depths:3)
  3 guardian serpents
  2 elephants (Lair:5)
  A torpor snail (Lair:5)
  An ice statue (IceCv)
  A yaktaur zombie (Vaults:4)
  An eye of devastation (shapeshifter) (Depths:3)
  A rust devil (Crypt:3)
  2 smoke demons (Abyss:5)
  10 cane toads
  24 naga magi
  An alligator snapping turtle zombie (Crypt:3)
  3 orange demons (Swamp:4)
  4 gargoyles
  2 hellions (Crypt:3)
  3 rime drakes (Lair:5)
  4 centaur skeletons (Crypt:2)
  2 minotaur zombies (Gauntlet)
  A kobold demonologist (D:10)
  An unseen horror (D:10)
  An anaconda simulacrum (IceCv)
  An efreet (D:14)
  A green draconian zombie (Crypt:3)
  7 komodo dragons
  3 elves (Depths:3)
  31 yaktaurs
  Jeremiah (D:8)
  Psyche (D:8)
  3 dire elephant skeletons
  3 unseen horror zombies (D:9)
  5 tengu conjurers
  6 freezing wraiths
  8 trolls
  3 alligator snapping turtle skeletons (Crypt:2)
  14 ice devils
  A yaktaur skeleton (Vaults:4)
  A queen bee (Abyss:5)
  5 meliai (Abyss:5)
  10 guardian mummies (Crypt:3)
  10 polar bears
  2 bloated husks
  13 tyrant leeches
  An ice dragon zombie (Crypt:1)
  2 harpy skeletons
  8 hornets
  2 snapping turtles (Snake:3)
  A dream sheep (Lair:5)
  A hydra skeleton (Crypt:2)
  7 raiju
  An ettin zombie (Crypt:1)
  18 blink frogs
  A centaur simulacrum (Crypt:3)
  22 flying skulls
  6 wyverns
  2 dire elephant simulacra (IceCv)
  11 spriggans
  A shadow (D:12)
  An ushabti (Crypt:3)
  7 water elementals
  17 wraiths
  Eustachio (D:3)
  5 fire elementals
  2 fire bats (Gauntlet)
  25 yaks
  2 air elementals (Elf:3)
  2 vampires (Depths:3)
  6 basilisks
  A black mamba skeleton (Crypt:2)
  A hog (Depths:3)
  Grum (D:11)
  A chaos spawn (Swamp:4)
  A fire dragon skeleton (Crypt:2)
  A neqoxec (Swamp:4)
  4 redbacks
  15 vampire mosquitoes
  22 wargs
  5 harpy simulacra
  49 nagas
  2 death yak simulacra (IceCv)
  A small abomination (Abyss:5)
  Edmund (D:4)
  Menkaure (D:5)
  19 swamp worms
  An ogre skeleton (Vaults:4)
  19 hell hounds
  3 acid dragons
  10 water moccasins
  A deep troll skeleton (Crypt:1)
  A demonspawn skeleton (Crypt:2)
  2 merfolk skeletons (Crypt:3)
  3 naga skeletons (Crypt:2)
  2 swamp drakes (Swamp:1)
  A water nymph skeleton (Crypt:3)
  66 orc warriors
  Pargi (D:3)
  A meliai simulacrum (D:15)
  3 ice beasts
  A lindwurm zombie (Crypt:3)
  2 sky beasts
  A swamp dragon zombie (Crypt:1)
  15 ogres
  12 black bears
  13 centaurs
  8 boggarts
  42 wolves
  An elephant skeleton (Crypt:1)
  A swamp dragon skeleton (Crypt:1)
  9 lemures
  5 elf zombies
  6 kobold brigands
  15 bullfrogs
  2 gnoll sergeants
  A necrophage (Crypt:1)
  A two-headed ogre simulacrum (IceCv)
  7 cane toad simulacra (IceCv)
  3 earth elementals
  2 elf skeletons (D:4)
  7 wights
  A water moccasin skeleton (Crypt:3)
  4 killer bees (D:8)
  An elephant simulacrum (IceCv)
  7 electric eels
  A vampire bat (Depths:3)
  4 howler monkeys (D:11)
  4 centaur zombies
  6 hounds
  6 human zombies (Ossuary)
  7 iron imps (Crypt:3)
  Crazy Yiuf (D:7)
  33 orc priests
  2 gnoll boudas
  2 human skeletons
  3 iguanas
  Natasha (D:3)
  17 orc wizards
  A troll simulacrum (IceCv)
  2 spriggan simulacra
  6 wolf simulacra (IceCv)
  2 polar bear simulacra (IceCv)
  2 spectral hounds (Depths:3)
  A tengu skeleton (Crypt:3)
  4 mummies
  2 howler monkey zombies (D:9)
  18 gnolls
  A swamp drake zombie (Crypt:2)
  8 adders
  3 naga simulacra
  A shadow imp (D:8)
  3 white imps
  2 ufetubi
  A jelly zombie (Crypt:1)
  2 lava snake skeletons
  A worm (D:3)
  3 dart slugs
  110 orcs
  6 ball pythons
  4 endoplasms (D:1)
  2 giant cockroaches
  6 goblins
  7 hobgoblins
  3 jackals (D:3)
  23 kobolds
  7 quokkas
  4 bats
  A frilled lizard (D:1)
  A goblin zombie (Crypt:1)
  2 orc skeletons (D:4)
  8 rats
  A river rat skeleton (Crypt:3)
  5 starspawn tentacles (Abyss:5)
2473 creatures vanquished.

Vanquished Creatures (collateral kills)
  Nikola (Swamp:3)
  A fire giant (Depths:3)
  A jiangshi (Crypt:3)
  A peacekeeper (Vaults:2)
  A vampire mage (Depths:2)
  A sixfirhy (Swamp:4)
  2 deep trolls
  2 deep elf zephyrmancers
  An orc knight (Bailey)
  2 freezing wraiths (IceCv)
  An orc warrior (Bailey)
  2 kobold brigands (Bailey)
  A polar bear simulacrum (IceCv)
  3 kobolds (Bailey)
20 creatures vanquished.

Vanquished Creatures (others)
  An ancient lich (Vaults:2)
  A sphinx (Vaults:3)
  A storm dragon (Zot:1)
  A vault warden (Vaults:2)
  A formless jellyfish (Vaults:4)
  A war gargoyle (Vaults:4)
  A green death (Snake:3)
  3 great orbs of eyes
  A vault guard (Vaults:3)
  2 two-headed ogres
  2 centaur warriors
  A dancing weapon (Elf:2)
  A vampire mage (Depths:2)
  4 glowing orange brains
  A deep elf knight (Elf:1)
  A shadow wraith (Crypt:3)
  A deep troll (Depths:4)
  A swamp dragon (shapeshifter) (Vaults:5)
  A phantasmal warrior (Vaults:2)
  A swamp dragon (Swamp:2)
  An ironbound convoker (Vaults:5)
  A wizard (Vaults:1)
  A cyclops (shapeshifter) (Vaults:5)
  3 bloated husks (Swamp:2)
  A dream sheep (Lair:5)
  10 slime creatures
  2 wraiths
  3 vampire mosquitoes (D:12)
  2 orc warriors
  3 ogres
  8 centaurs
  2 wolves
  A bullfrog (D:7)
  A scorpion (D:5)
  2 wights
  2 centaur zombies (D:9)
  2 orc priests
  2 hounds
  246 jellies
  2 sleepcaps
  Natasha (twice) (D:3)
  4 orc wizards
  A wolf simulacrum (IceCv)
  A shadow imp (D:5)
  3 endoplasms
  21 orcs
  A ball python (D:3)
  A hobgoblin (D:2)
  A quokka (D:3)
  A ball python zombie (Crypt:2)
  A frilled lizard (D:2)
  2 kobolds
  22 foxfires
  A lurking horror (Abyss:5)
  4 starspawn tentacles (Abyss:5)
388 creatures vanquished.

Grand Total: 2881 creatures vanquished

Notes
Turn   | Place    | Note
-------+----------+-------------------------------------------
     0 | D:1      | EuServersOMG the Octopode Venom Mage began the quest for
                  | the Orb.
     0 | D:1      | Reached XP level 1. HP: 11/11 MP: 3/3
   210 | D:1      | Reached XP level 2. HP: 17/17 MP: 1/5
   213 | D:1      | Learned a level 2 spell: Poisonous Vapours
   734 | D:1      | Reached XP level 3. HP: 21/21 MP: 0/6
   897 | D:1      | Reached skill level 5 in Poison Magic
  1103 | D:1      | Found a faded altar of an unknown god.
  1106 | D:1      | Prayed at the altar of an unknown god.
  1106 | D:1      | Became a worshipper of Jiyva Jicva the Shapeless
  1106 | D:1      | Reached * piety under Jiyva
  1525 | D:2      | Reached ** piety under Jiyva
  1560 | D:2      | Found a hazy altar of Hepliaklqana.
  1962 | D:3      | Noticed Natasha
  1976 | D:3      | Killed Natasha
  1977 | D:3      | Reached XP level 4. HP: 18/27 MP: 2/7
  2093 | D:3      | Killed Natasha
  2145 | D:3      | Noticed Pargi
  2217 | D:3      | Found Dant's Antique Weapon Shoppe.
  2413 | D:3      | Killed Natasha
  2619 | D:3      | Killed Pargi
  2620 | D:3      | Reached skill level 1 in Fighting
  2620 | D:3      | Reached skill level 1 in Unarmed Combat
  2620 | D:3      | Reached XP level 5. HP: 23/33 MP: 4/8
  2643 | D:4      | Noticed Sigmund
  2692 | D:4      | Noticed Eustachio
  2704 | D:3      | Killed Eustachio
  2705 | D:3      | Reached XP level 6. HP: 27/39 MP: 3/10
  2804 | D:4      | Reached skill level 2 in Unarmed Combat
  2831 | D:4      | Found a sand-covered staircase.
  2855 | D:4      | Reached XP level 7. HP: 43/45 MP: 11/11
  2880 | Ossuary  | Entered an ossuary
  3033 | Ossuary  | Reached skill level 3 in Unarmed Combat
  3061 | Ossuary  | Reached XP level 8. HP: 32/52 MP: 13/13
  3324 | D:4      | Reached *** piety under Jiyva
  3335 | D:4      | Found a runed translucent door.
  3339 | D:4      | Noticed Descartes's ghost (novice TrBr)
  3579 | D:4      | Found an ancient bone altar of Kikubaaqudgha.
  3605 | D:4      | Gained mutation: Your melee attacks may engulf your foes in
                  | ooze. [Jiyva's grace]
  3605 | D:4      | Gained mutation: You expend magic power (3 MP) to
                  | strengthen your wands. [Jiyva's grace]
  3605 | D:4      | Gained mutation: You have supernaturally acute eyesight.
                  | (SInv) [Jiyva's grace]
  3605 | D:4      | Gained mutation: You possess an exceptional clarity of
                  | mind. [Jiyva's grace]
  3618 | D:4      | Noticed Edmund
  3632 | D:4      | Killed Edmund
  3900 | D:5      | Entered Level 5 of the Dungeon
  3910 | D:5      | Reached skill level 4 in Unarmed Combat
  4000 | D:5      | Noticed Menkaure
  4016 | D:5      | Killed Menkaure
  4033 | D:5      | Learned a level 4 spell: Olgreb's Toxic Radiance
  4095 | D:5      | Reached **** piety under Jiyva
  4113 | D:5      | Found a sacrificial altar of Ru.
  4115 | D:5      | Found a hide-covered altar of Uskayaw.
  4117 | D:5      | Found an opulent altar of Gozag.
  4119 | D:5      | Found a burning altar of Makhleb.
  4364 | D:6      | Found Puepp's Magic Scroll Boutique.
  4367 | D:6      | Bought a scroll of blinking for 90 gold pieces
  4367 | D:6      | Bought a scroll of identify for 24 gold pieces
  4464 | D:6      | Reached skill level 5 in Dodging
  4464 | D:6      | Reached XP level 9. HP: 59/59 MP: 11/16
  4559 | D:6      | Reached skill level 5 in Spellcasting
  4572 | D:6      | Identified the +0 pair of boots of the Planets {Str+4}
  4734 | D:6      | Reached skill level 5 in Fighting
  4917 | D:6      | Reached skill level 5 in Unarmed Combat
  5195 | D:7      | Found a staircase to the Ecumenical Temple.
  5202 | Temple   | Entered the Ecumenical Temple
  5207 | D:7      | Noticed Joseph
  5231 | D:7      | You fall into a shaft and drop 1 floor!
  5297 | D:8      | Reached ***** piety under Jiyva
  5330 | D:8      | Noticed Jeremiah
  5332 | D:8      | Noticed Psyche
  5404 | D:8      | Found a flagged portal.
  5418 | Bailey   | Entered a bailey
  5468 | Bailey   | Noticed an orc knight
  5478 | Bailey   | Killed an orc knight
  5494 | Bailey   | Lost mutation: You expend magic power (3 MP) to strengthen
                  | your wands. [Jiyva's grace]
  5494 | Bailey   | Gained mutation: You expend magic power (3 MP) to
                  | strengthen your wands. [Jiyva's grace]
  5494 | Bailey   | Gained mutation: You are partially covered in iridescent
                  | scales. (AC +2) [Jiyva's grace]
  5494 | Bailey   | Gained mutation: You are mostly covered in iridescent
                  | scales. (AC +4) [Jiyva's grace]
  5494 | Bailey   | Gained mutation: You are completely covered in iridescent
                  | scales. (AC +6) [Jiyva's grace]
  5499 | Bailey   | Reached skill level 6 in Unarmed Combat
  5534 | Bailey   | Noticed an orc knight
  5574 | Bailey   | Killed an orc knight
  5575 | Bailey   | Reached XP level 10. HP: 69/69 MP: 17/17
  5595 | Bailey   | Lost mutation: Your melee attacks may engulf your foes in
                  | ooze. [potion of mutation]
  5595 | Bailey   | Lost mutation: You expend magic power (3 MP) to strengthen
                  | your wands. [potion of mutation]
  5595 | Bailey   | Lost mutation: You are completely covered in iridescent
                  | scales. (AC +6) [potion of mutation]
  5595 | Bailey   | Gained mutation: You are agile. (Dex +4, Str/Int -1)
                  | [potion of mutation]
  5595 | Bailey   | Lost mutation: You possess an exceptional clarity of mind.
                  | [potion of mutation]
  5595 | Bailey   | Gained mutation: You expend magic power (3 MP) to
                  | strengthen your wands. [potion of mutation]
  5710 | Bailey   | Found a bloodstained altar of Trog.
  5852 | D:7      | Found a hazy altar of Hepliaklqana.
  5963 | D:7      | Reached skill level 7 in Unarmed Combat
  6052 | D:7      | Found a runed translucent door.
  6052 | D:7      | Noticed Crazy Yiuf
  6060 | D:7      | Killed Crazy Yiuf
  6151 | D:7      | Noticed Maggie
  6347 | D:7      | Killed Joseph
  6435 | D:8      | Killed Psyche
  6451 | D:8      | Noticed Gastronok
  6470 | D:8      | Killed Gastronok
  6471 | D:8      | Reached skill level 8 in Unarmed Combat
  6650 | D:8      | Noticed Pikel
  6662 | D:8      | Killed Pikel
  6663 | D:8      | Reached XP level 11. HP: 78/78 MP: 18/18
  6668 | D:8      | Learned a level 3 spell: Mephitic Cloud
  6701 | D:8      | Reached ****** piety under Jiyva
  6748 | D:8      | Killed Jeremiah
  6765 | D:8      | Found Muclu's Assorted Antiques.
  6778 | D:8      | Bought 2 murky grey potions for 50 gold pieces
  6778 | D:8      | Bought a scroll labelled ZUESUM NOLOHAP for 28 gold pieces
  6778 | D:8      | Bought 2 cyan potions for 50 gold pieces
  6778 | D:8      | Bought a scroll labelled LONUGAURISCH for 28 gold pieces
  6832 | D:9      | Learned a level 3 spell: Ignite Poison
  6876 | D:9      | Reached skill level 1 in Conjurations
  6876 | D:9      | Reached skill level 1 in Air Magic
  7079 | D:9      | Lost mutation: You expend magic power (3 MP) to strengthen
                  | your wands. [Jiyva's grace]
  7079 | D:9      | Gained mutation: One of your tentacles bears a spike.
                  | [Jiyva's grace]
  7079 | D:9      | Gained mutation: One of your tentacles bears a nasty spike.
                  | [Jiyva's grace]
  7079 | D:9      | Gained mutation: One of your tentacles bears a large
                  | vicious spike. [Jiyva's grace]
  7079 | D:9      | Gained mutation: Your spells are a little harder to cast,
                  | but a little more powerful. [Jiyva's grace]
  7081 | D:9      | Found a stormy altar of Qazlal.
  7205 | D:9      | Reached skill level 1 in Fire Magic
  7324 | D:10     | Entered Level 10 of the Dungeon
  7696 | D:10     | Found a staircase to the Lair.
  8424 | D:11     | Noticed Sonja
  8427 | D:11     | Killed Sonja
  8427 | D:11     | Noticed a two-headed ogre
  8435 | D:11     | Killed a two-headed ogre
  8460 | D:11     | Found a staircase to the Orcish Mines.
  8463 | D:11     | Noticed a boulder beetle
  8470 | D:11     | Killed a boulder beetle
  8477 | D:11     | Reached skill level 9 in Unarmed Combat
  8509 | D:11     | Noticed Grum
  8514 | D:11     | Killed Grum
  8515 | D:11     | Reached XP level 12. HP: 85/85 MP: 6/19
  8537 | D:11     | Noticed Urug
  8549 | D:11     | Killed Urug
  8561 | D:11     | Noticed a boulder beetle
  8569 | D:11     | Lost mutation: You are agile. (Dex +4, Str/Int -1) [Jiyva's
                  | grace]
  8569 | D:11     | Gained mutation: You have hidden genetic potential.
                  | [Jiyva's grace]
  8569 | D:11     | Gained mutation: You have great hidden genetic potential.
                  | [Jiyva's grace]
  8569 | D:11     | Gained mutation: You are agile. (Dex +4, Str/Int -1)
                  | [Jiyva's grace]
  8569 | D:11     | Gained mutation: You are very agile. (Dex +8, Str/Int -2)
                  | [Jiyva's grace]
  8930 | D:11     | Killed a boulder beetle
  9001 | D:12     | Killed a two-headed ogre
  9207 | D:12     | Learned a level 4 spell: Sticky Flame
  9386 | D:12     | Noticed Josephine
  9396 | D:12     | Killed Josephine
  9668 | D:13     | Noticed a centaur warrior
  9672 | D:13     | Killed a centaur warrior
  9673 | D:13     | Reached skill level 10 in Dodging
  9679 | D:13     | Killed a centaur warrior
  9721 | D:13     | Found a frozen archway.
  9725 | IceCv    | Entered an ice cave
 10014 | IceCv    | Reached skill level 10 in Fighting
 10120 | IceCv    | Reached skill level 10 in Unarmed Combat
 10183 | IceCv    | Reached XP level 13. HP: 89/92 MP: 16/22
 10218 | IceCv    | Found an ancient bone altar of Kikubaaqudgha.
 10280 | IceCv    | Lost mutation: You have supernaturally acute eyesight.
                  | (SInv) [Jiyva's grace]
 10280 | IceCv    | Lost mutation: Your spells are a little harder to cast, but
                  | a little more powerful. [Jiyva's grace]
 10280 | IceCv    | Gained mutation: You possess an exceptional clarity of
                  | mind. [Jiyva's grace]
 10280 | IceCv    | Gained mutation: Armour fits poorly on your pseudopods.
                  | [Jiyva's grace]
 10280 | IceCv    | Gained mutation: Armour fits poorly on your large
                  | pseudopods. [Jiyva's grace]
 10280 | IceCv    | Gained mutation: Armour fits poorly on your massive
                  | pseudopods. [Jiyva's grace]
 10317 | IceCv    | Gained mutation: You are partially covered in large bone
                  | plates. (SH +4) [hidden potential]
 10931 | Lair:1   | Entered Level 1 of the Lair of Beasts
 10941 | Lair:1   | Reached skill level 10 in Poison Magic
 11039 | Lair:1   | Noticed Fannar
 11047 | Lair:1   | Killed Fannar
 11679 | Lair:2   | Lost mutation: One of your tentacles bears a large vicious
                  | spike. [Jiyva's grace]
 11679 | Lair:2   | Lost mutation: You are very agile. (Dex +8, Str/Int -2)
                  | [Jiyva's grace]
 11679 | Lair:2   | Lost mutation: You are agile. (Dex +4, Str/Int -1) [Jiyva's
                  | grace]
 11679 | Lair:2   | Lost mutation: Armour fits poorly on your massive
                  | pseudopods. [Jiyva's grace]
 11679 | Lair:2   | Gained mutation: Your mind is acute. (Int +4, Str/Dex -1)
                  | [Jiyva's grace]
 11679 | Lair:2   | Gained mutation: Your mind is very acute. (Int +8, Str/Dex
                  | -2) [Jiyva's grace]
 11679 | Lair:2   | Gained mutation: You have a pair of small antennae on your
                  | head. [Jiyva's grace]
 11679 | Lair:2   | Gained mutation: You have a pair of antennae on your head.
                  | [Jiyva's grace]
 11731 | Lair:2   | Reached skill level 11 in Unarmed Combat
 11744 | Lair:2   | Learned a level 3 spell: Swiftness
 11887 | Lair:2   | Found a staircase to the Swamp.
 12035 | Lair:2   | Reached XP level 14. HP: 101/101 MP: 24/24
 12044 | Lair:2   | Learned a level 1 spell: Apportation
 12335 | Lair:2   | Found a staircase to the Snake Pit.
 12660 | Lair:3   | Gained mutation: You passively dampen the noise of your
                  | surroundings. [hidden potential]
 12660 | Lair:3   | Lost mutation: You have great hidden genetic potential.
                  | [hidden potential expressed]
 12857 | Lair:3   | Lost mutation: You have a pair of antennae on your head.
                  | [Jiyva's grace]
 12857 | Lair:3   | Lost mutation: One of your tentacles bears a nasty spike.
                  | [Jiyva's grace]
 12857 | Lair:3   | Lost mutation: You are partially covered in large bone
                  | plates. (SH +4) [Jiyva's grace]
 12857 | Lair:3   | Lost mutation: Your mind is very acute. (Int +8, Str/Dex
                  | -2) [Jiyva's grace]
 12857 | Lair:3   | Lost mutation: You passively dampen the noise of your
                  | surroundings. [Jiyva's grace]
 12857 | Lair:3   | Gained mutation: You have a small jelly attached to you
                  | that senses nearby items. [Jiyva's grace]
 12857 | Lair:3   | Gained mutation: Your muscles are strong. (Str +4, Int/Dex
                  | -1) [Jiyva's grace]
 12857 | Lair:3   | Gained mutation: Your muscles are very strong. (Str +8,
                  | Int/Dex -2) [Jiyva's grace]
 12857 | Lair:3   | Gained mutation: You have great hidden genetic potential.
                  | [Jiyva's grace]
 13279 | Lair:4   | Found a gate leading to a gauntlet.
 13298 | Gauntlet | Entered a Gauntlet
 13298 | Gauntlet | Found a transporter.
 13298 | Gauntlet | Found a runed translucent gate.
 13298 | Gauntlet | Found a transporter.
 13300 | Gauntlet | Found a transporter.
 13301 | Gauntlet | Found a runed translucent gate.
 13302 | Gauntlet | Found a runed translucent gate.
 13304 | Gauntlet | Found a transporter.
 13304 | Gauntlet | Found a transporter.
 13324 | Gauntlet | Found a transporter.
 13358 | Gauntlet | Reached skill level 12 in Unarmed Combat
 13389 | Gauntlet | Found a transporter.
 13389 | Gauntlet | Found a transporter.
 13394 | Gauntlet | Noticed a balrug
 13398 | Gauntlet | Found a transporter.
 13398 | Gauntlet | Found a transporter.
 13400 | Gauntlet | Found a transporter.
 13401 | Gauntlet | Found a transporter.
 13424 | Gauntlet | Identified the ring of Altruism {rN+ Slay+5}
 13598 | Lair:4   | Found a dark tunnel.
 13608 | Volcano  | Entered a volcano
 14279 | Lair:5   | Entered Level 5 of the Lair of Beasts
 14614 | Lair:5   | Reached skill level 13 in Unarmed Combat
 14621 | Lair:5   | Reached XP level 15. HP: 110/110 MP: 17/25
 14672 | Lair:5   | Gained mutation: You are completely covered in iridescent
                  | scales. (AC +6) [hidden potential]
 14892 | Lair:5   | Lost mutation: You are completely covered in iridescent
                  | scales. (AC +6) [Jiyva's grace]
 14892 | Lair:5   | Lost mutation: Armour fits poorly on your large pseudopods.
                  | [Jiyva's grace]
 14892 | Lair:5   | Gained mutation: You have a small jelly attached to you
                  | that may absorb projectiles. [Jiyva's grace]
 14892 | Lair:5   | Gained mutation: Your flesh is heat resistant. (rF+)
                  | [Jiyva's grace]
 14892 | Lair:5   | Gained mutation: Your flesh is very heat resistant. (rF++)
                  | [Jiyva's grace]
 14892 | Lair:5   | Gained mutation: Your flesh is almost immune to the effects
                  | of heat. (rF+++) [Jiyva's grace]
 15175 | Lair:5   | Reached skill level 14 in Unarmed Combat
 15182 | Lair:5   | Identified the +1 trident of Voitocest {heavy, rElec Int+2
                  | Dex+3}
 15346 | Lair:5   | Found a staircase to the Slime Pits.
 15605 | Orc:1    | Entered Level 1 of the Orcish Mines
 15746 | Orc:2    | Entered Level 2 of the Orcish Mines
 16181 | Orc:1    | Noticed an orc warlord
 16203 | Orc:1    | Killed an orc warlord
 16219 | Orc:1    | Noticed an orc warlord
 16234 | Orc:1    | Killed an orc warlord
 16241 | Orc:1    | Noticed an orc warlord
 16268 | Orc:1    | Killed an orc warlord
 16304 | Orc:1    | Identified the +1 shortbow "Koptaini" {drain, Str-3 Dex+4
                  | Stlth+}
 16326 | Orc:1    | Identified the ring "Soceb" {Int+6 Dex+3 SInv}
 16538 | Orc:2    | Lost mutation: You are mostly covered in iridescent scales.
                  | (AC +4) [Jiyva's grace]
 16538 | Orc:2    | Lost mutation: Your flesh is almost immune to the effects
                  | of heat. (rF+++) [Jiyva's grace]
 16538 | Orc:2    | Lost mutation: Your muscles are very strong. (Str +8,
                  | Int/Dex -2) [Jiyva's grace]
 16538 | Orc:2    | Gained mutation: You have acidic saliva. [Jiyva's grace]
 16538 | Orc:2    | Gained mutation: Your flesh is cold resistant. (rC+)
                  | [Jiyva's grace]
 16538 | Orc:2    | Gained mutation: Your flesh is very cold resistant. (rC++)
                  | [Jiyva's grace]
 16538 | Orc:2    | Gained mutation: Your flesh is almost immune to the effects
                  | of cold. (rC+++) [Jiyva's grace]
 16640 | Orc:2    | Found a staircase to the Elven Halls.
 16685 | Orc:2    | Reached skill level 15 in Unarmed Combat
 16691 | Orc:2    | Identified the +0 scale mail of the Stopping Gods {-Cast
                  | rF+ rCorr}
 16816 | Orc:2    | Noticed an orc warlord
 16822 | Orc:2    | Killed an orc warlord
 16823 | Orc:2    | Reached XP level 16. HP: 118/119 MP: 12/26
 16861 | Orc:2    | Found Uqumn's Antique Weapon Emporium.
 16905 | Orc:2    | Found Goagoi's Antique Weapon Shop.
 16922 | Orc:2    | Gained mutation: One of your tentacles bears a nasty spike.
                  | [hidden potential]
 16922 | Orc:2    | Lost mutation: You have great hidden genetic potential.
                  | [hidden potential expressed]
 17153 | Orc:2    | Found Sugaiqoo's Distillery.
 17161 | Orc:2    | Found Fopoyluh's General Store.
 17182 | Orc:2    | Bought a potion of cancellation for 112 gold pieces
 17182 | Orc:2    | Bought a potion of attraction for 42 gold pieces
 17774 | D:14     | Found an iron altar of Okawaru.
 17857 | D:14     | Noticed Agnes
 17862 | D:14     | Killed Agnes
 18415 | D:15     | Entered Level 15 of the Dungeon
 18466 | D:15     | Lost mutation: You have a pair of small antennae on your
                  | head. [Jiyva's grace]
 18466 | D:15     | Lost mutation: You possess an exceptional clarity of mind.
                  | [Jiyva's grace]
 18466 | D:15     | Lost mutation: Your flesh is almost immune to the effects
                  | of cold. (rC+++) [Jiyva's grace]
 18466 | D:15     | Lost mutation: Armour fits poorly on your pseudopods.
                  | [Jiyva's grace]
 18466 | D:15     | Gained mutation: Your melee attacks may engulf your foes in
                  | ooze. [Jiyva's grace]
 18466 | D:15     | Gained mutation: Your pliable body absorbs attacks. (AC +2,
                  | EV +2) [Jiyva's grace]
 18466 | D:15     | Gained mutation: Your gelatinous body deflects attacks. (AC
                  | +3, EV +3) [Jiyva's grace]
 18466 | D:15     | Gained mutation: You are robust. (+10% HP) [Jiyva's grace]
 18706 | D:15     | Reached skill level 16 in Unarmed Combat
 18900 | D:15     | Found a staircase to the Depths.
 19229 | Swamp:1  | Entered Level 1 of the Swamp
 19241 | Lair:2   | Learned a level 4 spell: Iskenderun's Mystic Blast
 19311 | Snake:1  | Entered Level 1 of the Snake Pit
 19383 | Snake:1  | You are sucked into a shaft and drop 1 floor!
 19383 | Snake:2  | Noticed a nagaraja
 19388 | Snake:2  | Killed a nagaraja
 19621 | Snake:3  | Reached skill level 1 in Translocations
 19658 | Snake:2  | Reached skill level 15 in Dodging
 19931 | Snake:1  | Reached skill level 15 in Fighting
 20540 | Snake:2  | Lost mutation: Your mind is acute. (Int +4, Str/Dex -1)
                  | [Jiyva's grace]
 20540 | Snake:2  | Lost mutation: Your flesh is very heat resistant. (rF++)
                  | [Jiyva's grace]
 20540 | Snake:2  | Lost mutation: Your flesh is heat resistant. (rF+) [Jiyva's
                  | grace]
 20540 | Snake:2  | Lost mutation: Your gelatinous body deflects attacks. (AC
                  | +3, EV +3) [Jiyva's grace]
 20540 | Snake:2  | Lost mutation: You have hidden genetic potential. [Jiyva's
                  | grace]
 20540 | Snake:2  | Lost mutation: Your melee attacks may engulf your foes in
                  | ooze. [Jiyva's grace]
 20540 | Snake:2  | Gained mutation: You have supernaturally acute eyesight.
                  | (SInv) [Jiyva's grace]
 20540 | Snake:2  | Gained mutation: One of your tentacles bears a large
                  | vicious spike. [Jiyva's grace]
 20540 | Snake:2  | Gained mutation: Your gelatinous body deflects attacks. (AC
                  | +3, EV +3) [Jiyva's grace]
 20540 | Snake:2  | Gained mutation: Your melee attacks may engulf your foes in
                  | ooze. [Jiyva's grace]
 20661 | Snake:2  | Found a shimmering altar of Xom.
 20900 | Snake:2  | Reached skill level 5 in Conjurations
 20900 | Snake:2  | Reached XP level 17. HP: 106/139 MP: 24/27
 21696 | Snake:3  | Reached skill level 17 in Unarmed Combat
 21892 | Snake:3  | Found a runed translucent door.
 22505 | Snake:3  | Found Meulorgh's Weapon Boutique.
 22971 | Snake:3  | Lost mutation: Your gelatinous body deflects attacks. (AC
                  | +3, EV +3) [Jiyva's grace]
 22971 | Snake:3  | Lost mutation: You have a small jelly attached to you that
                  | may absorb projectiles. [Jiyva's grace]
 22971 | Snake:3  | Gained mutation: You are strong-willed. (Will+) [Jiyva's
                  | grace]
 22971 | Snake:3  | Gained mutation: You are highly strong-willed. (Will++)
                  | [Jiyva's grace]
 22971 | Snake:3  | Gained mutation: You are extremely strong-willed. (Will+++)
                  | [Jiyva's grace]
 22971 | Snake:3  | Gained mutation: You are agile. (Dex +4, Str/Int -1)
                  | [Jiyva's grace]
 23008 | Snake:3  | Reached skill level 5 in Translocations
 23538 | Snake:4  | Entered Level 4 of the Snake Pit
 23723 | Lair:2   | Learned a level 5 spell: Fireball
 23951 | Swamp:1  | Reached skill level 18 in Unarmed Combat
 24542 | Swamp:2  | Reached XP level 18. HP: 135/148 MP: 22/28
 24611 | Swamp:2  | Reached skill level 5 in Fire Magic
 25358 | Swamp:3  | Noticed a tentacled monstrosity
 25366 | Swamp:3  | Killed a tentacled monstrosity
 25557 | Swamp:3  | Identified the +5 pair of gloves of Poor Excuses {Rampage
                  | rPois Slay+2}
 25557 | Swamp:3  | Noticed Nikola
 25562 | Swamp:3  | Killed Nikola
 25603 | Swamp:3  | Lost mutation: You are extremely strong-willed. (Will+++)
                  | [Jiyva's grace]
 25603 | Swamp:3  | Lost mutation: You are robust. (+10% HP) [Jiyva's grace]
 25603 | Swamp:3  | Lost mutation: You have a small jelly attached to you that
                  | senses nearby items. [Jiyva's grace]
 25603 | Swamp:3  | Gained mutation: You are very agile. (Dex +8, Str/Int -2)
                  | [Jiyva's grace]
 25603 | Swamp:3  | Gained mutation: You are partially covered in large bone
                  | plates. (SH +4) [Jiyva's grace]
 25603 | Swamp:3  | Gained mutation: You are mostly covered in large bone
                  | plates. (SH +6) [Jiyva's grace]
 25603 | Swamp:3  | Gained mutation: You are completely covered in large bone
                  | plates. (SH +8) [Jiyva's grace]
 25814 | Swamp:4  | Entered Level 4 of the Swamp
 25963 | Swamp:4  | Noticed a tentacled monstrosity
 25986 | Swamp:4  | Killed a tentacled monstrosity
 26392 | Swamp:4  | HP: 2/136 [bunyip[a spriggan druid] (30)]
 26578 | Swamp:4  | Got a decaying rune of Zot
 26911 | Snake:4  | Noticed Mlioglotl
 26922 | Snake:4  | Killed Mlioglotl
 27228 | Snake:4  | Reached XP level 19. HP: 121/143 MP: 26/29
 27746 | Snake:4  | Got a serpentine rune of Zot
 28304 | D:14     | Found a gate to the Vaults.
 28468 | Vaults:1 | Entered Level 1 of the Vaults
 28551 | Vaults:1 | Found Bixzah's Book Boutique.
 28556 | Vaults:1 | Reached skill level 19 in Unarmed Combat
 28684 | Vaults:1 | Lost mutation: You are completely covered in large bone
                  | plates. (SH +8) [Jiyva's grace]
 28684 | Vaults:1 | Lost mutation: Your flesh is very cold resistant. (rC++)
                  | [Jiyva's grace]
 28684 | Vaults:1 | Lost mutation: You are highly strong-willed. (Will++)
                  | [Jiyva's grace]
 28684 | Vaults:1 | Gained mutation: Your body has grown eyes which may confuse
                  | attackers. (Acc +3) [Jiyva's grace]
 28684 | Vaults:1 | Gained mutation: Your body has grown many eyes which may
                  | confuse attackers. (Acc +5) [Jiyva's grace]
 28684 | Vaults:1 | Gained mutation: Your body is covered in eyes which may
                  | confuse attackers. (Acc +7, SInv) [Jiyva's grace]
 28684 | Vaults:1 | Gained mutation: Your spells are a little harder to cast,
                  | but a little more powerful. [Jiyva's grace]
 28869 | Vaults:1 | Found Ugos Joh's Distillery.
 29465 | Vaults:1 | Found a runed translucent door.
 29469 | Vaults:1 | Noticed asdu's ghost (adept NaEE)
 30018 | Vaults:2 | Found a staircase to the Crypt.
 30027 | Vaults:2 | Reached XP level 20. HP: 153/153 MP: 14/30
 30506 | Vaults:2 | Reached skill level 20 in Unarmed Combat
 30512 | Vaults:2 | Noticed an ancient lich
 30561 | Vaults:2 | Killed an ancient lich
 30767 | Vaults:2 | Identified the +3 leather armour "Velamouz" {+Blink rElec
                  | Int+4}
 30782 | Vaults:2 | Identified the +4 hand axe of Terra Nullius {freeze, rElec
                  | rPois Str-3 Int-2}
 31186 | Vaults:3 | Lost mutation: You have supernaturally acute eyesight.
                  | (SInv) [Jiyva's grace]
 31186 | Vaults:3 | Lost mutation: You are very agile. (Dex +8, Str/Int -2)
                  | [Jiyva's grace]
 31186 | Vaults:3 | Gained mutation: You expend magic power (3 MP) to
                  | strengthen your wands. [Jiyva's grace]
 31186 | Vaults:3 | Gained mutation: Your spells are harder to cast, but more
                  | powerful. [Jiyva's grace]
 31186 | Vaults:3 | Gained mutation: Your spells are much harder to cast, but
                  | much more powerful. [Jiyva's grace]
 31186 | Vaults:3 | Gained mutation: Your gelatinous body deflects attacks. (AC
                  | +3, EV +3) [Jiyva's grace]
 31570 | Vaults:3 | Found a large runed translucent door.
 31570 | Vaults:3 | Found a large runed translucent door.
 31570 | Vaults:3 | Noticed EuServersOMG's ghost (adept DsNe)
 32088 | Vaults:3 | Killed EuServersOMG's ghost
 32089 | Vaults:3 | Reached XP level 21. HP: 22/162 MP: 31/31
 32166 | Vaults:3 | Identified the +0 pair of boots of Ukkuhyi {Str+2}
 32387 | Vaults:4 | Lost mutation: You are mostly covered in large bone plates.
                  | (SH +6) [Jiyva's grace]
 32387 | Vaults:4 | Lost mutation: Your flesh is cold resistant. (rC+) [Jiyva's
                  | grace]
 32387 | Vaults:4 | Lost mutation: You are strong-willed. (Will+) [Jiyva's
                  | grace]
 32387 | Vaults:4 | Lost mutation: Your spells are much harder to cast, but
                  | much more powerful. [Jiyva's grace]
 32387 | Vaults:4 | Lost mutation: You have acidic saliva. [Jiyva's grace]
 32387 | Vaults:4 | Lost mutation: Your body is covered in eyes which may
                  | confuse attackers. (Acc +7, SInv) [Jiyva's grace]
 32387 | Vaults:4 | Gained mutation: You possess an exceptional clarity of
                  | mind. [Jiyva's grace]
 32387 | Vaults:4 | Gained mutation: You are very agile. (Dex +8, Str/Int -2)
                  | [Jiyva's grace]
 32387 | Vaults:4 | Gained mutation: Your spells are much harder to cast, but
                  | much more powerful. [Jiyva's grace]
 32387 | Vaults:4 | Gained mutation: You are covered in slimy tendrils that may
                  | disarm your opponents. [Jiyva's grace]
 32529 | Vaults:4 | Identified the +4 short sword "Tionk" {holy, Contam rN+++
                  | Str+2 Int+2 Dex-2}
 32872 | Vaults:4 | Paralysed by a sphinx for 3 turns
 32907 | Vaults:4 | Reached skill level 21 in Unarmed Combat
 33418 | Vaults:5 | Entered Level 5 of the Vaults
 33534 | Vaults:5 | Noticed an ancient lich
 33569 | Vaults:5 | Noticed an ancient lich
 33756 | Crypt:1  | Entered Level 1 of the Crypt
 33762 | Crypt:1  | Reached XP level 22. HP: 168/171 MP: 28/32
 34522 | Crypt:2  | Lost mutation: One of your tentacles bears a large vicious
                  | spike. [Jiyva's grace]
 34522 | Crypt:2  | Lost mutation: You are partially covered in large bone
                  | plates. (SH +4) [Jiyva's grace]
 34522 | Crypt:2  | Lost mutation: You are very agile. (Dex +8, Str/Int -2)
                  | [Jiyva's grace]
 34522 | Crypt:2  | Lost mutation: Your body has grown many eyes which may
                  | confuse attackers. (Acc +5) [Jiyva's grace]
 34522 | Crypt:2  | Lost mutation: Your gelatinous body deflects attacks. (AC
                  | +3, EV +3) [Jiyva's grace]
 34522 | Crypt:2  | Lost mutation: You are covered in slimy tendrils that may
                  | disarm your opponents. [Jiyva's grace]
 34522 | Crypt:2  | Lost mutation: Your melee attacks may engulf your foes in
                  | ooze. [Jiyva's grace]
 34522 | Crypt:2  | Gained mutation: You passively dampen the noise of your
                  | surroundings. [Jiyva's grace]
 34522 | Crypt:2  | Gained mutation: You have a small jelly attached to you
                  | that senses nearby items. [Jiyva's grace]
 34522 | Crypt:2  | Gained mutation: Your body has grown many eyes which may
                  | confuse attackers. (Acc +5) [Jiyva's grace]
 34522 | Crypt:2  | Gained mutation: Your body is covered in eyes which may
                  | confuse attackers. (Acc +7, SInv) [Jiyva's grace]
 34564 | Crypt:2  | Reached skill level 22 in Unarmed Combat
 34656 | Crypt:2  | Identified the +1 quarterstaff "Mec Cim" {venom, Dex+3}
 34895 | Crypt:2  | Identified the +3 tower shield "Suzago" {Int+3}
 35930 | Crypt:2  | Reached XP level 23. HP: 180/180 MP: 33/33
 36058 | Crypt:3  | Entered Level 3 of the Crypt
 36204 | Crypt:3  | Found a burning altar of Makhleb.
 36295 | Crypt:3  | Reached skill level 23 in Unarmed Combat
 36331 | Crypt:3  | Reached skill level 1 in Shields
 36376 | Crypt:3  | Lost mutation: One of your tentacles bears a nasty spike.
                  | [Jiyva's grace]
 36376 | Crypt:3  | Lost mutation: You are partially covered in iridescent
                  | scales. (AC +2) [Jiyva's grace]
 36376 | Crypt:3  | Lost mutation: Your spells are much harder to cast, but
                  | much more powerful. [Jiyva's grace]
 36376 | Crypt:3  | Lost mutation: Your spells are harder to cast, but more
                  | powerful. [Jiyva's grace]
 36376 | Crypt:3  | Lost mutation: Your body is covered in eyes which may
                  | confuse attackers. (Acc +7, SInv) [Jiyva's grace]
 36376 | Crypt:3  | Lost mutation: You passively dampen the noise of your
                  | surroundings. [Jiyva's grace]
 36376 | Crypt:3  | Gained mutation: A frigid envelope surrounds you and
                  | freezes all who hurt you. [Jiyva's grace]
 36376 | Crypt:3  | Gained mutation: Your muscles are very strong. (Str +8,
                  | Int/Dex -2) [Jiyva's grace]
 36376 | Crypt:3  | Gained mutation: You are strong-willed. (Will+) [Jiyva's
                  | grace]
 36376 | Crypt:3  | Gained mutation: You are highly strong-willed. (Will++)
                  | [Jiyva's grace]
 36404 | Crypt:3  | Found a staircase to the Tomb.
 36794 | Crypt:3  | Reached skill level 5 in Shields
 36975 | Crypt:3  | Found an ancient bone altar of Kikubaaqudgha.
 36976 | Crypt:3  | Noticed a curse toe
 37272 | Crypt:3  | Killed a curse toe
 37297 | Crypt:3  | Found a basalt altar of Yredelemnul.
 37982 | Depths:1 | Entered Level 1 of the Depths
 37983 | Depths:1 | Found a one-way gate to the infinite horrors of the Abyss.
 38005 | Depths:1 | Found a hide-covered altar of Uskayaw.
 38013 | Depths:1 | Identified the ring of Uriur {rPois rCorr}
 38039 | Depths:1 | Found a magical portal.
 38048 | WizLab   | Entered Wucad Mu's Monastery
 38121 | WizLab   | Found the crystal ball of Wucad Mu {*channel}
 38367 | Depths:1 | Found a gateway to Hell.
 39172 | Depths:2 | Lost mutation: You are agile. (Dex +4, Str/Int -1) [Jiyva's
                  | grace]
 39172 | Depths:2 | Lost mutation: You possess an exceptional clarity of mind.
                  | [Jiyva's grace]
 39172 | Depths:2 | Lost mutation: Your muscles are very strong. (Str +8,
                  | Int/Dex -2) [Jiyva's grace]
 39172 | Depths:2 | Lost mutation: You expend magic power (3 MP) to strengthen
                  | your wands. [Jiyva's grace]
 39172 | Depths:2 | Gained mutation: Your natural rate of healing is unusually
                  | fast. [Jiyva's grace]
 39172 | Depths:2 | Gained mutation: You heal very quickly. [Jiyva's grace]
 39172 | Depths:2 | Gained mutation: You regenerate. [Jiyva's grace]
 39172 | Depths:2 | Gained mutation: You passively dampen the noise of your
                  | surroundings. [Jiyva's grace]
 39236 | Depths:2 | Reached skill level 10 in Shields
 39280 | Depths:2 | Found the +6 Majin-Bo {spellvamp, MP+6 Int+6}
 39318 | Depths:2 | Got an illuminated book
 39344 | Depths:2 | Found a shadowy altar of Dithmenos.
 39363 | Depths:2 | Found a one-way gate leading to the halls of Pandemonium.
 39494 | Depths:2 | You are sucked into a shaft and drop 2 floors!
 39494 | Depths:4 | Entered Level 4 of the Depths
 39497 | Depths:3 | Identified 2 scrolls of acquirement
 39621 | Depths:2 | Reached XP level 24. HP: 187/187 MP: 33/33
 39621 | Depths:2 | Reached XP level 25. HP: 192/192 MP: 33/33
 39622 | Depths:2 | Reached XP level 26. HP: 199/199 MP: 33/33
 39641 | Depths:2 | Found Nuorghama's Book Emporium.
 39642 | Depths:2 | Found Riqeh Hiu's Jewellery Shop.
 39643 | Depths:2 | Found Pithraam's Book Emporium.
 39711 | Depths:2 | Noticed Louise
 39717 | Depths:2 | Killed Louise
 39799 | Depths:2 | Noticed Aizul
 39809 | Depths:2 | Killed Aizul
 39909 | Depths:3 | Found a one-way gateway to a ziggurat.
 40356 | Depths:3 | Got a colourful book
 40617 | Depths:3 | Found a radiant altar of Vehumet.
 40685 | Depths:3 | Found an ancient bone altar of Kikubaaqudgha.
 40702 | Depths:3 | Found the +4 skin of Zhor {*Englaciate rC+++ SInv}
 40769 | Depths:3 | Lost mutation: You regenerate. [Jiyva's grace]
 40769 | Depths:3 | Lost mutation: Your muscles are strong. (Str +4, Int/Dex
                  | -1) [Jiyva's grace]
 40769 | Depths:3 | Lost mutation: Your pliable body absorbs attacks. (AC +2,
                  | EV +2) [Jiyva's grace]
 40769 | Depths:3 | Gained mutation: Your spells are harder to cast, but more
                  | powerful. [Jiyva's grace]
 40769 | Depths:3 | Gained mutation: Your spells are much harder to cast, but
                  | much more powerful. [Jiyva's grace]
 40769 | Depths:3 | Gained mutation: You are covered in slimy tendrils that may
                  | disarm your opponents. [Jiyva's grace]
 40769 | Depths:3 | Gained mutation: You are resistant to electric shocks.
                  | (rElec) [Jiyva's grace]
 40788 | Depths:3 | Found an ancient bone altar of Kikubaaqudgha.
 40822 | Depths:3 | Found Leosh's Miraculous Elixirs.
 40871 | Depths:3 | Found The Legendary Vin Anou's Legendary Smithy.
 40898 | Depths:3 | Found Noufiu Huca's General Store.
 41115 | Depths:3 | Identified the +5 hand axe of Lachrymose Fortitude {elec,
                  | *Rage +Blink rN+ rCorr}
 41770 | Depths:4 | Reached skill level 15 in Shields
 41852 | Depths:4 | Found a gate to the Realm of Zot.
 42010 | Depths:4 | Found a radiant altar of Vehumet.
 42590 | Elf:1    | Entered Level 1 of the Elven Halls
 42598 | Elf:1    | Reached XP level 27. HP: 205/205 MP: 27/33
 42667 | Elf:3    | Entered Level 3 of the Elven Halls
 42808 | Elf:1    | Found the +8 pair of quick blades "Gyre" and "Gimble"
                  | {protect}
 42925 | Elf:1    | Got a faded book
 43045 | Elf:1    | Found a portal to a secret trove of treasure.
 43412 | Elf:1    | Noticed Norris
 43426 | Elf:1    | Killed Norris
 43551 | Elf:2    | Found Paop's Book Emporium.
 43597 | Elf:2    | Lost mutation: A frigid envelope surrounds you and freezes
                  | all who hurt you. [Jiyva's grace]
 43597 | Elf:2    | Lost mutation: Your spells are much harder to cast, but
                  | much more powerful. [Jiyva's grace]
 43597 | Elf:2    | Lost mutation: You have a small jelly attached to you that
                  | senses nearby items. [Jiyva's grace]
 43597 | Elf:2    | Gained mutation: You expend magic power (3 MP) to
                  | strengthen your wands. [Jiyva's grace]
 43597 | Elf:2    | Gained mutation: You have a small jelly attached to you
                  | that may absorb projectiles. [Jiyva's grace]
 43597 | Elf:2    | Gained mutation: You are agile. (Dex +4, Str/Int -1)
                  | [Jiyva's grace]
 43597 | Elf:2    | Gained mutation: You are very agile. (Dex +8, Str/Int -2)
                  | [Jiyva's grace]
 43745 | Elf:2    | Found a runed translucent gate.
 43745 | Elf:2    | Found a runed translucent gate.
 43756 | Elf:2    | Found a runed translucent gate.
 44184 | Elf:3    | Identified the staff of Eternal War {rElec rCorr Int+5
                  | Dex-3 Earth}
 44304 | Elf:3    | Reached skill level 24 in Unarmed Combat
 44351 | Elf:3    | Got an antique book
 44359 | Elf:3    | Identified the +5 sling "Liecerir" {freeze, rPois Dex+3}
 44363 | Elf:3    | Identified the staff of Sudden Death {rN+ Str+3 Dex+2
                  | Necro}
 44370 | Elf:3    | Identified the +7 sling "Ultimatum" {flame, rPois}
 45827 | Vaults:5 | Killed an ancient lich
 45850 | Vaults:5 | Killed an ancient lich
 45918 | Vaults:5 | Noticed an ancient lich
 45926 | Vaults:5 | Killed an ancient lich
 45996 | Vaults:5 | Reached skill level 25 in Unarmed Combat
 46129 | Vaults:5 | Got a silver rune of Zot
 46324 | Vaults:5 | Found Ricah's Weapon Shoppe.
 46396 | Vaults:5 | Lost mutation: One of your tentacles bears a spike.
                  | [Jiyva's grace]
 46396 | Vaults:5 | Lost mutation: You are very agile. (Dex +8, Str/Int -2)
                  | [Jiyva's grace]
 46396 | Vaults:5 | Lost mutation: You are highly strong-willed. (Will++)
                  | [Jiyva's grace]
 46396 | Vaults:5 | Lost mutation: You heal very quickly. [Jiyva's grace]
 46396 | Vaults:5 | Lost mutation: You are resistant to electric shocks.
                  | (rElec) [Jiyva's grace]
 46396 | Vaults:5 | Lost mutation: Your body has grown many eyes which may
                  | confuse attackers. (Acc +5) [Jiyva's grace]
 46396 | Vaults:5 | Lost mutation: You passively dampen the noise of your
                  | surroundings. [Jiyva's grace]
 46396 | Vaults:5 | Gained mutation: Your flesh is cold resistant. (rC+)
                  | [Jiyva's grace]
 46396 | Vaults:5 | Gained mutation: Your flesh is very cold resistant. (rC++)
                  | [Jiyva's grace]
 46396 | Vaults:5 | Gained mutation: Your flesh is almost immune to the effects
                  | of cold. (rC+++) [Jiyva's grace]
 46396 | Vaults:5 | Gained mutation: You have an increased reservoir of magic.
                  | (+10% MP) [Jiyva's grace]
 46433 | Vaults:5 | Identified the amulet "Pipra" {rC+ Will+ Regen+ Str+2}
 47451 | Zot:1    | Entered Level 1 of the Realm of Zot
 47458 | Zot:1    | Acquired the ring of Ewkierut {Will+ Int+6 Stlth+}
 47459 | Zot:1    | Acquired the amulet of Wesel {Reflect Rampage *Corrode rF++
                  | Regen+ SH+5}
 47543 | Zot:1    | Found a runed translucent gate.
 47543 | Zot:1    | Noticed kuniqs's ghost (master DsGl)
 47591 | Zot:1    | Found a runed translucent gate.
 47591 | Zot:1    | Found a runed translucent gate.
 47883 | Zot:1    | Identified the ring of Yfe Miev {rN+ AC+4 Dex+2}
 48303 | Abyss:5  | Cast into level 5 of the Abyss (kuniqs's ghost)
 48318 | Abyss:5  | Got an abyssal rune of Zot
 48374 | Abyss:5  | Reached skill level 26 in Unarmed Combat
 48697 | Zot:1    | Escaped the Abyss
 48722 | Zot:1    | Killed kuniqs's ghost
 48739 | Zot:1    | Identified the +8 glaive of Disembowelment {flame, rCorr
                  | Int+6}
 48877 | Zot:4    | Noticed an orb of fire
 48901 | Zot:4    | Lost mutation: You are agile. (Dex +4, Str/Int -1) [an orb
                  | of fire]
 48933 | Zot:4    | Gained mutation: You occasionally lose the ability to drink
                  | potions when taking damage. [an orb of fire]
 48934 | Zot:4    | Lost mutation: You have an increased reservoir of magic.
                  | (+10% MP) [an orb of fire]
 49121 | Zot:4    | Killed an orb of fire
 49333 | Zot:3    | Lost mutation: Your flesh is almost immune to the effects
                  | of cold. (rC+++) [Jiyva's grace]
 49333 | Zot:3    | Lost mutation: Your spells are harder to cast, but more
                  | powerful. [Jiyva's grace]
 49333 | Zot:3    | Lost mutation: You are covered in slimy tendrils that may
                  | disarm your opponents. [Jiyva's grace]
 49333 | Zot:3    | Gained mutation: You heal very quickly. [Jiyva's grace]
 49333 | Zot:3    | Gained mutation: You regenerate. [Jiyva's grace]
 49333 | Zot:3    | Gained mutation: You are covered in fur. (AC +1) [Jiyva's
                  | grace]
 49333 | Zot:3    | Gained mutation: You are covered in thick fur. (AC +2)
                  | [Jiyva's grace]
 49376 | Zot:5    | Entered Level 5 of the Realm of Zot
 49584 | Zot:5    | Identified the +1 battleaxe of Pebesmid {drain, Will+ rCorr
                  | Int-2 Dex+2}
 49738 | Zot:5    | Reached skill level 27 in Unarmed Combat
 49773 | Zot:5    | Noticed an orb of fire
 49789 | Zot:5    | Noticed a dread lich
 49800 | Zot:5    | Noticed a dread lich
 49869 | Zot:5    | Killed an orb of fire
 49893 | Zot:5    | Killed a dread lich
 49923 | Zot:5    | Noticed an ancient lich
 49929 | Zot:5    | Killed a dread lich
 49934 | Zot:5    | Noticed an ancient lich
 49945 | Zot:5    | Killed an ancient lich
 49956 | Zot:5    | Killed an ancient lich
 50145 | Zot:5    | Noticed an ancient lich
 50148 | Zot:5    | Noticed an orb of fire
 50151 | Zot:5    | Lost mutation: Your spells are a little harder to cast, but
                  | a little more powerful. [an orb of fire]
 50153 | Zot:5    | Killed an orb of fire
 50158 | Zot:5    | Killed an ancient lich
 50176 | Zot:5    | Got the Orb of Zot
 50195 | Zot:5    | Noticed an orb of fire
 50196 | Zot:5    | Noticed Vatwo the pandemonium lord
 50402 | Depths:3 | Noticed Woicviy the pandemonium lord
 50721 | D:2      | Noticed Mitoamn the pandemonium lord
 50721 | D:2      | Noticed an ancient lich
 50768 | D:$      | Escaped with the Orb!

Illustrated notes

Levels and vault maps discovered:
D:1:      dpeg_arrival_ratfight, layout_basic, basic_ecumenical_altar
D:2:      layout_basic, basic_altar
D:3:      layout_basic, serial_shops, nicolae_shop_hallway_plus, uniq_pargi,
          uniq_natasha
D:4:      layout_loops_ring, general_overflow_altar, ebering_ghost_sewer_d,
          nicolae_ossuary_entry_catacombs, uniq_sigmund, uniq_eustachio,
          uniq_edmund
D:5:      layout_rooms, minitemple, uniq_menkaure
D:6:      layout_basic, serial_aquarium, aquarium_bridge_straight
          [aquarium_subvault_bridge, aquarium_subvault_window,
          aquarium_subvault_bridge, aquarium_subvault_balcony],
          aquarium_bridge_square [aquarium_subvault_bridge,
          aquarium_subvault_bridge, aquarium_subvault_window,
          aquarium_subvault_wall], aquarium_window_fake, aquarium_window_fake,
          aquarium_window_3, aquarium_window_1, aquarium_view_2c,
          aquarium_view_2a, serial_shops, shop, minmay_circle_x
D:7:      layout_basic, mainiacjoe_overflow_small_starburst,
          minmay_temple_entry_wispy, serial_glass, glass_columns_c,
          glass_columns_b, uniq_maggie, uniq_joseph, uniq_crazy_yiuf_cottage
D:8:      layout_loops_ring, enter_bailey_5, serial_shops,
          nicolae_shop_just_a_little_nook, uniq_psyche, uniq_pikel,
          uniq_jeremiah, uniq_gastronok
D:9:      layout_rooms, nicolae_qazlal_eye_of_the_storm, serial_undead,
          serial_undead_c, serial_undead_c, serial_undead_c, serial_undead_b
D:10:     statuecave_lemuel, layout_basic, erik_lair_island
D:11:     layout_gridville, minmay_orc_entry_temple_small, uniq_urug,
          uniq_sonja, uniq_grum
D:12:     layout_roguey, uniq_josephine
D:13:     layout_basic, portal_ice_cave_entry_pillars_2, kennysheep_flooded_box
D:14:     layout_basic, david_vaults_5, okawaru_metal_pillars_1_2, uniq_agnes
D:15:     hellmonk_depths_entry_around_the_bend, layout_irregular_city
Temple:   bh_familiar_temple
Lair:1:   layout_regular_city, uniq_fannar
Lair:2:   layout_roguey, palyth_hydra_swamp_entry, nicolae_snake_entry_squirm,
          serial_bayou_crossing
Lair:3:   layout_misc_corridors
Lair:4:   layout_roguey, enter_volcano_3, gauntlet_entry_generic,
          minmay_lair_oklob_bushes, beast_lair_carwin_9
Lair:5:   hangedman_lair_caniforms_friends, layout_regular_city,
          hangedman_lair_in_review, slime_entry_1, serial_bayou_pond_e
Swamp:1:  layout_basic_swamp, evilmike_swamp_ruin_house_4, swamp_pool3,
          nicolae_swamp_treefoil, nicolae_swamp_some_circles
Swamp:2:  layout_basic_swamp, serial_swamp_ruin, evilmike_swamp_ruin_house_3,
          evilmike_swamp_ruin_rubble_1, evilmike_swamp_ruin_house_1
Swamp:3:  layout_basic_swamp, evilmike_swamp_ruin_house_5, uniq_nikola
Swamp:4:  nzn_swamp_witches_coven, layout_basic_swamp
Snake:1:  layout_gridlike
Snake:2:  kennysheep_six_static_rooms, layout_layer_cave, basic_altar,
          lemuel_fruit_tree, grunt_megastairs_2
Snake:3:  cheibrodos_toxic_ritual, layout_layer_cave, serial_shops,
          nicolae_shop_tiny_waterfront, nicolae_snake_squiggles,
          nicolae_snake_herptile_family_reunion, serial_bayou_shore_b
Snake:4:  snake_pit, layout_rooms, serial_bayou_shore_b, uniq_mlioglotl
Orc:1:    layout_caves, minmay_orc_treasury
Orc:2:    pubby_orc_utopia, serial_shops
Elf:1:    nicolae_elf_arrival_fired_up, layout_geoelf_octagon,
          nicolae_trove_entry_free_sample, minmay_elf_annihilation,
          hellmonk_guarded_unrand_gyre_and_gimble, uniq_norris
Elf:2:    elven_hall_of_blades_hangedman_original
          [nicolae_blade_entry_pointy_end], layout_geoelf_octagon, serial_shops,
          shop
Elf:3:    grunt_elf_hall_spiral, layout_geoelf_diagonals,
          nicolae_elf_blasts_and_bolts
Vaults:1: hellmonk_ghost_big_iron, v_pattern_4, vaults_room_mumra_shop_pool,
          hangedman_vaults_variations, nicolae_vaults_puzzle_piece,
          grunt_vaults_swirl, nicolae_vaults_mini_display_case,
          vaults_dpeg_ring, v_alt_pattern_5, nicolae_vaults_little_squares_2,
          vaults_dpeg_hooks, layout_vaults_chaotic_city, serial_shops,
          nicolae_shop_stone
Vaults:2: v_alt_pattern_2, minmay_crypt_entry_simple_sparse,
          ontoclasm_vaults_gateway, grunt_vaults_diagonal, vaults_room_pools,
          v_misc_16, nicolae_vaults_double_plus_1,
          nicolae_vaults_storing_the_good_stuff, layout_vaults_omnigrid
Vaults:3: advil_vaults_ghost_guards, ontoclasm_vaults_eye,
          nicolae_vaults_trapezoid_lopsided_1, nicolae_vaults_wine_cellar,
          nicolae_vaults_steering_wheel, nicolae_vaults_closet_pinwheel_6,
          v_pattern_2, hangedman_vaults_trim, serial_ice_h,
          nicolae_vaults_tetromino_T_2, vaults_dpeg_emergency_exit,
          nicolae_vaults_apartment_1, vaults_room_pools, layout_vaults_ring
Vaults:4: nicolae_vaults_ninety_degrees, v_misc_5,
          nicolae_vaults_trapezoid_layered, hangedman_vaults_stream, v_rooms_5,
          nicolae_vaults_storage_room_water, nicolae_vaults_little_squares_2,
          vaults_room_hangedman_quadrants, hangedman_vaults_nodes,
          nicolae_vaults_doubleplus_tesselated, nicolae_vaults_double_plus_2,
          nicolae_vaults_rhombus_7, ontoclasm_vaults_fault,
          nicolae_vaults_house_2, nicolae_vaults_double_plus_2,
          ontoclasm_vaults_twist, layout_vaults_omnicross
Vaults:5: serial_shops
Crypt:1:  grunt_deathspiral_small, layout_catacombs, grunt_ministairs_2,
          uniq_margery
Crypt:2:  minmay_skeleton_keep, layout_regular_city
Crypt:3:  lightli_unholy_cathedral, layout_chaotic_city,
          tomb_entry_sphere_bobbens, st_stairs_8, minmay_misc_feat_cross,
          minivault_23, lemuel_hellish_altar
Depths:1: layout_gridlike, abyss_entry_crystal, mu_enter_wizlab_4, hell_entry,
          minmay_strange_pillars, nicolae_uskayaw_dance_hall
Depths:2: minmay_guarded_unrand_majin_bo, layout_cave_pools,
          nicolae_abyss_entry_one_way_or_another, pan_entry,
          nicolae_dithmenos_through_a_glass_darkly, hangedman_tar_grid_catacomb,
          minmay_shop_grove, infiniplex_staircase_spiral, uniq_aizul
Depths:3: grated_community_mu [grated_community_mu_vampire_home,
          grated_community_mu_giant_home, grated_community_mu_spellcaster_home,
          grated_community_mu_orcish_home, grated_community_mu_troll_home,
          grated_community_mu_taur_home, grated_community_mu_unbuilt_plot],
          layout_cave_pools, enter_ziggurat_e, minmay_misc_feat_roman,
          hangedman_abyss_entry_splay, pf_vacation_house_of_asmodeus,
          hangedman_research_metamorphosis
Depths:4: grunt_x_marks_the_spot, layout_basic, hell_entry, vehumet_crystals
Zot:1:    layout_gridlike, gammafunk_ghost_split
Zot:2:    layout_basic, gammafunk_ghost_necromancy
Zot:3:    layout_gridlike, nicolae_tricolors, grunt_megastairs_1
Zot:4:    layout_cathedral_of_symmetry, uniq_tiamat
Zot:5:    layout_cellular_growth, st_stairs_13

Skill      XL: |  1  2  3  4  5  6  7  8  9 10 11 12 13 14 15 16 17 18 19 20 21 22 23 24 25 26 27 |
---------------+----------------------------------------------------------------------------------+-----
Poison Magic   | 4 6 7 8 9 10 | 10.0
Fighting       | 1 2 3 4 6 8 9 10 11 13 14 15 16 17 19 20 21 24 | 24.5
Unarmed Combat | 1 2 3 4 6 8 9 10 11 13 15 16 18 19 20 21 22 23 27 | 27.0
Dodging        | 3 5 7 8 9 10 11 13 14 15 16 17 19 20 22 24 | 24.8
Spellcasting   | 3 4 5 6 7 |  7.0
Conjurations   | 3 4 5 8 |  8.0
Air Magic      | 3 4 |  4.0
Fire Magic     | 3 4 8 |  8.0
Transmutations | 3 4 |  4.0
Translocations | 2 5 |  5.0
Shields        | 10 11 12 15 20 | 20.3
Stealth        | |  2.6

Action                     |  1- 3 |  4- 6 |  7- 9 | 10-12 | 13-15 | 16-18 | 19-21 | 22-24 | 25-27 || total
---------------------------+-------+-------+-------+-------+-------+-------+-------+-------+-------++-------
  Melee: Unarmed           |    36 |    65 |   281 |   295 |   471 |   581 |   497 |   859 |  1340 ||  4425
         Constrict         |    13 |    13 |    44 |    54 |    98 |    81 |    93 |   175 |   248 ||   819
         Tentacles         |     8 |    25 |    78 |    83 |   129 |   167 |   167 |   306 |   493 ||  1456
         Punch             |     1 |     3 |     4 |    16 |    57 |    96 |    99 |   212 |   379 ||   867
         Kick              |       |       |       |    97 |   201 |   272 |   285 |   517 |   439 ||  1811
         Pseudopods        |       |       |       |       |   120 |     6 |       |       |       ||   126
         Bite              |       |       |       |       |     3 |    94 |    80 |       |       ||   177
  Throw: Dart              |       |       |       |     1 |       |       |       |       |       ||     1
   Cast: Sting             |    32 |    11 |    43 |    14 |     7 |     8 |       |       |       ||   115
         Poisonous Vapours |    36 |     8 |    60 |    43 |    59 |   108 |    33 |     4 |    24 ||   375
         Olgreb's Toxic Ra |       |       |       |    40 |   102 |    36 |    59 |     9 |    89 ||   335
         Ignite Poison     |       |       |       |    41 |   113 |   109 |    84 |     4 |    83 ||   434
         Mephitic Cloud    |       |       |       |    21 |    33 |    35 |     7 |     1 |     1 ||    98
         Sticky Flame      |       |       |       |       |     5 |     8 |     1 |       |       ||    14
         Fireball          |       |       |       |       |       |    30 |    11 |     1 |     6 ||    48
         Iskenderun's Myst |       |       |       |       |       |     1 |     6 |     1 |       ||     8
         Apportation       |       |       |       |       |       |       |       |       |     1 ||     1
 Invoke: Slimify           |       |       |       |       |       |     1 |       |       |       ||     1
  Evoke: Wand              |       |       |       |     1 |       |     1 |       |     2 |     4 ||     8
         Sack of spiders   |       |       |       |       |       |       |       |     1 |       ||     1
    Use: Potion            |       |       |     1 |     1 |       |     5 |       |     4 |     5 ||    16
         Scroll            |       |       |       |     6 |     7 |    10 |     8 |    11 |    16 ||    58
   Stab: Sleeping          |     3 |     3 |    10 |     4 |     7 |     9 |     6 |    13 |    24 ||    79
         Distracted        |       |       |       |     1 |     1 |     3 |     2 |     3 |     7 ||    17
         Confused          |       |       |       |       |       |       |    10 |    33 |    15 ||    58
 Armour: Skin              |    15 |    43 |   126 |   126 |   222 |   292 |   202 |   231 |   370 ||  1627
  Dodge: Dodged            |    25 |    42 |   165 |   237 |   392 |   599 |   577 |   582 |   680 ||  3299
  Block: Other             |       |       |       |       |    18 |    39 |   142 |    21 |       ||   220
         Kite shield       |       |       |       |       |       |       |       |    64 |   938 ||  1002
         Reflection        |       |       |       |       |       |       |       |       |    15 ||    15

Table legend: (Time is in decaauts)
 A = Elapsed time spent in this place.
 B = Non-inter-level travel time spent in this place.
 C = Inter-level travel time spent in this place.
 D = Time resting spent in this place.
 E = Time spent auto-exploring this place.
 F = Levels seen in this place.
 G = Mean time per level.
                   A        B        C        D        E       F      G
               +--------+--------+--------+--------+--------+-----+--------+
         Total |  49467 |  44680 |   4787 |   2591 |  19051 |  58 |  852.9 |
       Dungeon |  12459 |  10712 |   1747 |    141 |   4508 |  15 |  830.6 |
        Temple |      1 |      1 |      0 |      0 |      0 |   1 |    1.0 |
          Lair |   4659 |   4213 |    446 |    273 |   2155 |   5 |  931.8 |
         Swamp |   2890 |   2717 |    173 |    302 |   1497 |   4 |  722.5 |
     Snake Pit |   5391 |   5050 |    341 |    362 |   2626 |   4 | 1347.8 |
  Orcish Mines |   1875 |   1691 |    184 |     27 |    672 |   2 |  937.5 |
   Elven Halls |   2691 |   2486 |    205 |      0 |   1378 |   3 |  897.0 |
        Vaults |   6866 |   6024 |    842 |    430 |   2813 |   5 | 1373.2 |
         Crypt |   3784 |   3485 |    299 |    440 |    625 |   3 | 1261.3 |
        Depths |   4161 |   3768 |    393 |     39 |   1884 |   4 | 1040.2 |
           Zot |   2253 |   2101 |    152 |    150 |    710 |   5 |  450.6 |
         Abyss |    363 |    363 |      0 |    171 |      0 |   1 |  363.0 |
       Ossuary |    348 |    348 |      0 |     57 |      0 |   1 |  348.0 |
        Bailey |    310 |    310 |      0 |      0 |     19 |   1 |  310.0 |
      Ice Cave |    768 |    768 |      0 |    186 |     32 |   1 |  768.0 |
       Volcano |    161 |    161 |      0 |      6 |      0 |   1 |  161.0 |
        Wizlab |    262 |    262 |      0 |      0 |    109 |   1 |  262.0 |
      Gauntlet |    216 |    216 |      0 |      4 |     23 |   1 |  216.0 |
               +--------+--------+--------+--------+--------+-----+--------+

Top non-repeatable levels by time:
 Snake:3: 2073 daAuts
 Snake:2: 1565 daAuts
Vaults:1: 1525 daAuts
Depths:3: 1501 daAuts
Vaults:2: 1489 daAuts
    D:14: 1461 daAuts
Vaults:4: 1443 daAuts
 Crypt:3: 1441 daAuts
     D:1: 1382 daAuts
  Lair:2: 1335 daAuts
 Crypt:2: 1287 daAuts
   Orc:2: 1282 daAuts
Vaults:5: 1269 daAuts
  Lair:5: 1199 daAuts
Vaults:3: 1139 daAuts
